 Dungeon Crawl Stone Soup version 0.29-a0-322-g68df515428 (webtiles) character file.

Game seed: 16175940183952971605

102 kae the Firebug (level 4, -10/25 HPs)
             Began as a Tengu Fire Elementalist on Apr 7, 2022.
             Killed from afar by an orc wizard (14 damage)
             ... with a puff of flame
             ... on level 3 of the Dungeon.
             The game lasted 00:01:54 (3085 turns).

kae the Firebug (Tengu Fire Elementalist)           Turns: 3085, Time: 00:01:54

Health: -10/25     AC:  3    Str: 13    XL:     4   Next: 78%
Magic:  8/8        EV: 12    Int: 17    God:
Gold:   128        SH:  0    Dex: 13    Spells: 2/8 levels left

rFire   . . .      SeeInvis .   (no weapon)
rCold   . . .      Faith    .   (no shield)
rNeg    + . .      Spirit   .   a - +0 robe
rPois   .          Reflect  .   (helmet restricted)
rElec   .          Harm     .   l - +0 cloak of Ivvimebou {Str+5 Dex-2}
rCorr   .          Rampage  .   (no gloves)
Will    .....                   (boots unavailable)
Stlth   ++........              e - amulet of magic regeneration
HPRegen 0.08/turn               i - ring of positive energy
MPRegen 0.51/turn               (no ring)

@: no status effects
A: beak, talons 3
a: no special abilities


You were on level 3 of the Dungeon.
You visited 1 branch of the dungeon, and saw 3 of its levels.

You collected 128 gold pieces.

Inventory:

Armour
 a - a +0 robe (worn)
 l - the +0 cloak of Ivvimebou (worn) {Str+5 Dex-2}
   (You found it on level 2 of the Dungeon)

   Str:       It affects your strength (+5).
   Dex:       It affects your dexterity (-2).
Jewellery
 e - an amulet of magic regeneration (around neck)
 i - a ring of positive energy (left hand)
Scrolls
 c - a scroll of enchant armour {unknown}
 d - a scroll of enchant weapon
 g - a scroll of acquirement {unknown}
 n - a scroll of fog
Potions
 b - a potion of magic
 f - 2 potions of cancellation {unknown}
 h - a potion of haste
 j - a potion of heal wounds {unknown}
 k - 2 potions of curing {unknown}
 m - a potion of flight {unknown}


   Skills:
 + Level 1.4 Fighting
 + Level 1.7 Armour
 + Level 2.9 Dodging
 - Level 2.0 Stealth
 + Level 2.5 Spellcasting
 + Level 2.5 Conjurations
 + Level 3.7 Fire Magic


You had 2 spell levels left.
You knew the following spells:

 Your Spells              Type           Power      Damage    Failure   Level
a - Foxfire               Conj/Fire      48%        2x1d6     4%          1
b - Scorch                Fire           30%        2d7       6%          2
c - Conjure Flame         Conj/Fire      12%        6-21      16%         3

Your spell library contained the following spells:

 Spells                   Type           Power      Damage    Failure   Level
 Inner Flame              Hex/Fire       8%         N/A       26%         3
 Flame Wave               Conj/Fire      12%        2d6       45%         4


Dungeon Overview and Level Annotations

Branches:
Dungeon (3/15)

Altars:


Innate Abilities, Weirdness & Mutations

You have a beak for a mouth.
You have claws for feet.


Message History

The foxfire hits the orc warrior.
The orc warrior is lightly wounded.
The foxfire hits the orc warrior but does no damage.
The orc warrior is lightly wounded.
Casting: Foxfire (safe; 4% risk of failure)
Confirm with . or Enter, or press ? or * to list all spells.
You conjure some foxfire!
The foxfire hits the orc warrior but does no damage.
The orc warrior is lightly wounded.
The foxfire hits the orc warrior but does no damage.
The orc warrior is lightly wounded.
Casting: Foxfire (safe; 4% risk of failure)
Confirm with . or Enter, or press ? or * to list all spells.
You conjure some foxfire!
The foxfire hits the orc warrior but does no damage.
The orc warrior is lightly wounded.
The foxfire hits the orc warrior but does no damage.
The orc warrior is lightly wounded.
The orc warrior closely misses you. The orc warrior misses you.
You climb upwards.
There is a stone staircase leading down here.
There is a stone staircase leading down here.
You climb downwards.
There is a stone staircase leading up, spattered with blood here.
Casting: Foxfire (safe; 4% risk of failure)
Confirm with . or Enter, or press ? or * to list all spells.
You conjure some foxfire!
The foxfire hits the orc warrior but does no damage.
The orc warrior is lightly wounded.
The foxfire hits the orc warrior.
The orc warrior is lightly wounded.
The orc warrior hits you from afar with a +0 glaive.
The orc warrior hits you from afar with a +0 glaive!!
Ouch! That really hurt!
* * * LOW HITPOINT WARNING * * *
The orc wizard casts a spell at you. The puff of flame hits you!
Ouch! That really hurt!
You die...

#.###'###......###
..)###.##.........#
#...#...##.........#
#...#.####......[..#
###o#.#..).........+
.
#.#.#.##.........##.#
#o#...##....o........
######...[.o....#
#....ยง@....#
##########.... .


You could see an orc warrior and an orc wizard.

Vanquished Creatures
  2 orc wizards (D:3)
  An adder (D:2)
  2 dart slugs (D:1)
  An orc (D:3)
  3 bats (D:1)
  3 endoplasms
  A giant cockroach (D:1)
  3 goblins (D:1)
  7 hobgoblins
  2 quokkas (D:1)
  2 ball pythons
  2 frilled lizards
  4 kobolds (D:1)
  4 rats
37 creatures vanquished.

Vanquished Creatures (others)
  140 foxfires
140 creatures vanquished.

Grand Total: 177 creatures vanquished

Notes
Turn   | Place    | Note
-------+----------+-------------------------------------------
     0 | D:1      | kae the Tengu Fire Elementalist began the quest for the
                  | Orb.
     0 | D:1      | Reached XP level 1. HP: 10/10 MP: 4/4
   219 | D:1      | Reached XP level 2. HP: 15/15 MP: 1/6
   846 | D:1      | Reached skill level 1 in Armour
   846 | D:1      | Reached XP level 3. HP: 20/20 MP: 3/7
   888 | D:1      | Learned a level 2 spell: Scorch
   892 | D:1      | Learned a level 3 spell: Conjure Flame
  1962 | D:2      | Found a faded altar of an unknown god.
  1973 | D:2      | Reached skill level 1 in Fighting
  2327 | D:2      | Identified the +0 cloak of Ivvimebou {Str+5 Dex-2}
  2637 | D:3      | Reached XP level 4. HP: 18/25 MP: 8/8
  2734 | D:3      | Noticed an orc warrior
  3085 | D:3      | Killed from afar by an orc wizard

Illustrated notes

Levels and vault maps discovered:
D:1:      lightli_molten_gateway, layout_basic, minmay_misc_feat_alley,
          minmay_bisected
D:2:      layout_rooms, hellmonk_ecumenical_altar_blasted, chequers_arboretum
D:3:      layout_basic

Skill      XL: |  1  2  3 |
---------------+----------+-----
Armour         | 1 |  1.7
Conjurations   | 2 |  2.5
Fighting       | 1 |  1.4
Dodging        | |  2.9
Stealth        | |  2.0
Spellcasting   | |  2.5
Fire Magic     | |  3.7

Action                   |  1- 3 |  4- 6 || total
-------------------------+-------+-------++-------
Melee: Unarmed           |    10 |       ||    10
       Kick              |     2 |       ||     2
       Peck              |     1 |       ||     1
 Cast: Foxfire           |    70 |    13 ||    83
       Scorch            |     1 |       ||     1
  Use: Scroll            |     5 |       ||     5
Armor: Robe              |     6 |     1 ||     7
Dodge: Dodged            |    16 |     4 ||    20

Table legend: (Time is in decaauts)
 A = Elapsed time spent in this place.
 B = Non-inter-level travel time spent in this place.
 C = Inter-level travel time spent in this place.
 D = Time resting spent in this place.
 E = Time spent auto-exploring this place.
 F = Levels seen in this place.
 G = Mean time per level.
                   A        B        C        D        E       F      G
               +--------+--------+--------+--------+--------+-----+--------+
         Total |   3087 |   3036 |     51 |    287 |   2419 |   3 | 1029.0 |
       Dungeon |   3087 |   3036 |     51 |    287 |   2419 |   3 | 1029.0 |
               +--------+--------+--------+--------+--------+-----+--------+

Top non-repeatable levels by time:
     D:1: 1927 daAuts
     D:2: 966 daAuts
     D:3: 193 daAuts
